 Dungeon Crawl Stone Soup version 0.27-a0-1193-g8631133539 (webtiles) character file.

Game seed: 12817042267581590571

1357 osuadh the Grasshopper (level 8, -2/64 HPs)
             Began as a Gnoll Warper on May 26, 2021.
             Was an Initiate of Gozag.
             Slain by a water moccasin (4 damage)
             ... on level 8 of the Dungeon.
             The game lasted 00:21:49 (11281 turns).

osuadh the Grasshopper (Gnoll Warper)              Turns: 11281, Time: 00:21:50

Health: -2/64      AC:  5    Str: 12    XL:     8   Next: 64%
Magic:  17/17      EV: 17    Int: 14    God:    Gozag
Gold:   46         SH:  9    Dex: 11    Spells: 11/19 levels left

rFire    . . .     SeeInvis .   a - +0 whip
rCold    . . .     Faith    .   q - +0 buckler
rNeg     . . .     Spirit   .   c - +0 leather armour
rPois    .         Reflect  +   D - +1 helmet of Makhleb's Castigation {Slay+3}
rElec    .         Harm     .   (no cloak)
rCorr    .         Rampage  .   (no gloves)
Will     .....                  (no boots)
Stlth    ++........             m - amulet of reflection
HPRegen  0.20/turn              l - +4 ring of evasion
MPRegen  0.15/turn              (no ring)

@: no status effects
A: fangs 1, strong nose, distributed training
a: Renounce Religion, Potion Petition, Call Merchant, Bribe Branch


You were on level 8 of the Dungeon.
You worshipped Gozag.
Gozag was noncommittal.
You visited 2 branches of the dungeon, and saw 11 of its levels.

You collected 493 gold pieces.
You spent 378 gold pieces at shops.
You paid 69 gold pieces to Gozag.

Inventory:

Hand Weapons
 a - a +0 whip (weapon)
 b - a +0 hunting sling
 n - a +0 mace
Missiles
 e - 5 boomerangs of dispersal (quivered)
 h - 216 stones
 o - 3 boomerangs
 C - 48 sling bullets
Armour
 c - a +0 leather armour (worn)
 p - a +0 ring mail
 q - a +0 buckler (worn)
 D - the +1 helmet of Makhleb's Castigation (worn) {Slay+3}
   (You bought it in a shop on level 5 of the Dungeon)

   It affects your accuracy and damage with ranged weapons and melee attacks
   (+3).
Magical Staves
 u - a staff of cold
Jewellery
 l - a +4 ring of evasion (left hand)
 m - an amulet of reflection (around neck)
 B - an amulet of regeneration
Wands
 f - a wand of paralysis (7)
 v - a wand of flame (5)
 z - a wand of mindburst (3)
Scrolls
 x - a scroll of identify
Potions
 d - a potion of cancellation
 i - a potion of brilliance {unknown}
 k - 2 potions of might
 t - a potion of flight {unknown}
 w - a potion of curing {unknown}
Miscellaneous
 j - a lightning rod (4/4)


   Skills:
 + Level 5.8 Fighting
 + Level 3.4 Short Blades
 + Level 3.4 Long Blades
 + Level 3.4 Axes
 + Level 5.8 Maces & Flails
 + Level 3.4 Polearms
 + Level 3.4 Staves
 + Level 3.4 Slings
 + Level 3.4 Bows
 + Level 3.4 Crossbows
 + Level 4.3 Throwing
 + Level 4.3 Armour
 + Level 5.8 Dodging
 + Level 3.4 Stealth
 + Level 3.4 Shields
 + Level 3.4 Unarmed Combat
 + Level 6.1 Spellcasting
 + Level 2.8 Conjurations
 + Level 2.8 Hexes
 + Level 2.8 Summonings
 + Level 2.8 Necromancy
 + Level 6.2 Translocations
 + Level 2.8 Transmutations
 + Level 2.8 Fire Magic
 + Level 2.8 Ice Magic
 + Level 2.8 Air Magic
 + Level 2.8 Earth Magic
 + Level 2.8 Poison Magic
 + Level 3.8 Invocations
 + Level 3.4 Evocations


You had 11 spell levels left.
You knew the following spells:

 Your Spells              Type           Power      Damage    Failure   Level
a - Blink                 Tloc           N/A        N/A       2%          2
b - Gell's Gravitas       Tloc           10%        N/A       4%          3
c - Corona                Hex            13%        N/A       7%          1
d - Slow                  Hex            12%        N/A       10%         2

Your spell library contained the following spells:

 Spells                   Type           Power      Damage    Failure   Level
 Lesser Beckoning         Tloc           10%        N/A       4%          3
 Teleport Other           Tloc           21%        N/A       4%          3
 Ensorcelled Hibernation  Hex/Ice        24%        N/A       10%         2
 Portal Projectile        Hex/Tloc       34%        N/A       10%         3
 Confusing Touch          Hex            12%        N/A       21%         3
 Dazzling Flash           Conj/Hex       24%        N/A       21%         3
 Inner Flame              Hex/Fire       12%        N/A       21%         3
 Tukima's Dance           Hex            12%        N/A       21%         3
 Manifold Assault         Tloc           21%        N/A       41%         5
 Cause Fear               Hex            6%         N/A       54%         4
 Leda's Liquefaction      Hex/Erth       6%         N/A       54%         4


Dungeon Overview and Level Annotations

Branches:
Dungeon (10/15)            Temple (1/1) D:5
   Lair: D:8-11         Orc: D:9-12

Altars:
Cheibriados
Elyvilon
Gozag
Hepliaklqana
Vehumet
Yredelemnul
Zin

Shops:
D:5 (:[=

Annotations:
D:2 Sigmund
D:5 exclusion: wyvern
D:6 exclusion: electric eel
D:10 exclusion: hornet


Innate Abilities, Weirdness & Mutations

You have very sharp teeth.
Your uncanny sense of smell can sniff out nearby items.
Your experience applies equally to all skills.


Message History

You blink.
The orc priest looks encouraged for a moment.
As you read the scroll of teleportation, it crumbles to dust.
You feel strangely unstable.
As you read the scroll of fear, it crumbles to dust.
You assume a fearsome visage.
The yak looks frightened!
The yak resists with some effort.
The orc looks frightened! x2
The orc priest looks frightened!
The orc looks frightened!
The bullfrog looks frightened!
The slime creature looks frightened! x3
The orc warrior looks frightened!
The orc looks frightened!
Your surroundings suddenly seem different.
A gnoll comes into view. It is wielding a +0 club.
The gnoll shouts!
You hear a shout! x4; You hear an angry hiss.
A gnoll shaman comes into view. It is wielding a +4 whip.
A gnoll comes into view. It is wielding a +0 whip.
The gnoll barely misses you. You block the gnoll's attack.
Found a fuming puce potion.
A gnoll comes into view. It is wielding a +0 halberd.
Okay, then.
As you read the scroll of teleportation, it crumbles to dust.
You feel strangely unstable.
A water moccasin comes into view.
A gnoll comes into view. It is wielding a +0 whip.
The gnoll barely misses you.
The gnoll completely misses you. 2 gnolls come into view.
The gnoll shouts!
A gnoll shaman comes into view. It is wielding a +0 club.
The gnoll barely misses you. The gnoll hits you with a +0 club!
* * * LOW HITPOINT WARNING * * *
Found a leather armour.
Found a stone staircase leading up.
Okay, then.
The water moccasin bites you!
* * * LOW HITPOINT WARNING * * *
Found a stone staircase leading up.
Your surroundings seem slightly different.
Okay, then.
It was a potion of magic.
Magic courses through your body. The water moccasin bites you.
You die...
Your body crumbles into a pile of gold.

.. ##.### g..
.....# ###g#
..... ....#
####...#
..gg###......#
#..g...#...#
##.g...#..##
#g.##gS@...#
###.##g....## $
#...g....###
........#.....#
....###..#<.....#
... #.......[.#
.. #..!.......# .
............
......<#.....


You could see a water moccasin, a gnoll shaman and 6 gnolls.

Vanquished Creatures
  A steam dragon (D:6)
  2 ice beasts (D:5)
  2 ogres (D:5)
  A phantom (D:5)
  A wyvern zombie (D:7)
  3 scorpions
  A howler monkey (D:5)
  A wight (D:7)
  3 bullfrog skeletons
  An orc priest (D:5)
  A hound (D:5)
  An iguana (D:6)
  3 orc wizards
  11 adders
  A shadow imp (Temple)
  A white imp (D:6)
  An ufetubus (D:4)
  An adder skeleton (D:4)
  2 worms
  3 dart slugs
  5 orcs
  8 ball pythons
  9 endoplasms
  A giant cockroach (D:4)
  3 goblins
  4 hobgoblins
  13 jackals
  5 quokkas
  4 bats
  6 frilled lizards
  6 kobolds
  4 rats
  A spectral orc (D:3)
110 creatures vanquished.

Vanquished Creatures (others)
  A phantom (D:6)
  9 plants
  5 toadstools (D:1)
15 creatures vanquished.

Grand Total: 125 creatures vanquished

Notes
Turn   | Place    | Note
-------+----------+-------------------------------------------
     0 | D:1      | osuadh the Gnoll Warper began the quest for the Orb.
     0 | D:1      | Reached XP level 1. HP: 20/20 MP: 6/6
   280 | D:1      | Reached XP level 2. HP: 26/26 MP: 7/7
   662 | D:1      | Found a faded altar of an unknown god.
   860 | D:1      | Reached XP level 3. HP: 31/31 MP: 9/9
  1023 | D:1      | Reached skill level 5 in Spellcasting
  1892 | D:2      | Reached skill level 1 in Invocations
  2272 | D:2      | Reached skill level 1 in Short Blades
  2272 | D:2      | Reached skill level 1 in Long Blades
  2272 | D:2      | Reached skill level 1 in Axes
  2272 | D:2      | Reached skill level 1 in Polearms
  2272 | D:2      | Reached skill level 1 in Staves
  2272 | D:2      | Reached skill level 1 in Slings
  2272 | D:2      | Reached skill level 1 in Bows
  2272 | D:2      | Reached skill level 1 in Crossbows
  2272 | D:2      | Reached skill level 1 in Stealth
  2272 | D:2      | Reached skill level 1 in Shields
  2272 | D:2      | Reached skill level 1 in Unarmed Combat
  2272 | D:2      | Reached skill level 1 in Evocations
  2472 | D:2      | Reached XP level 4. HP: 38/38 MP: 11/11
  2685 | D:2      | Noticed Sigmund
  2728 | D:2      | Found Omil's Magic Scroll Boutique.
  3676 | D:3      | Reached skill level 1 in Conjurations
  3676 | D:3      | Reached skill level 1 in Hexes
  3676 | D:3      | Reached skill level 1 in Summonings
  3676 | D:3      | Reached skill level 1 in Necromancy
  3676 | D:3      | Reached skill level 1 in Transmutations
  3676 | D:3      | Reached skill level 1 in Fire Magic
  3676 | D:3      | Reached skill level 1 in Ice Magic
  3676 | D:3      | Reached skill level 1 in Air Magic
  3676 | D:3      | Reached skill level 1 in Earth Magic
  3676 | D:3      | Reached skill level 1 in Poison Magic
  3734 | D:3      | Found a radiant altar of Vehumet.
  4177 | D:3      | Found a basalt altar of Yredelemnul.
  4361 | D:3      | Reached XP level 5. HP: 43/43 MP: 12/12
  4837 | D:4      | Found a hazy altar of Hepliaklqana.
  6058 | D:4      | Reached XP level 6. HP: 50/50 MP: 13/13
  6089 | D:5      | Entered Level 5 of the Dungeon
  6304 | D:5      | Found Boisokk's Book Shop.
  6422 | D:5      | Found Biuvon's Antique Weapon Emporium.
  6511 | D:5      | Reached skill level 5 in Fighting
  6511 | D:5      | Reached skill level 5 in Maces & Flails
  6511 | D:5      | Reached skill level 5 in Dodging
  6644 | D:5      | Reached XP level 7. HP: 47/56 MP: 15/15
  6968 | D:5      | Found a staircase to the Ecumenical Temple.
  6986 | D:5      | Found Filadam's Armour Shop.
  7031 | Temple   | Entered the Ecumenical Temple
  7080 | Temple   | Became a worshipper of Gozag Ym Sagoz the Greedy
  7163 | D:5      | Found Ure Duq's Jewellery Boutique.
  7177 | D:5      | Noticed a wyvern
  7960 | D:5      | Learned a level 2 spell: Blink
  7964 | D:5      | Learned a level 3 spell: Gell's Gravitas
  8396 | D:6      | Noticed a steam dragon
  8405 | D:6      | Reached XP level 8. HP: 14/63 MP: 16/16
 10256 | D:6      | Identified the +1 ring mail "Wofoniz" {Harm rPois rN+
                  | Int+2}
 10319 | D:5      | Bought the +1 helmet of Makhleb's Castigation {Slay+3} for
                  | 378 gold pieces
 10975 | D:7      | Learned a level 1 spell: Corona
 10978 | D:7      | Learned a level 2 spell: Slow
 10981 | D:7      | You fall into a shaft and drop 3 floors!
 10981 | D:10     | Entered Level 10 of the Dungeon
 11081 | D:10     | Noticed a hornet
 11158 | D:9      | Noticed a yak
 11158 | D:9      | Noticed a yak
 11162 | D:9      | Noticed a yak
 11163 | D:9      | Noticed a yak
 11240 | D:8      | Noticed a yak
 11240 | D:8      | Noticed a yak
 11241 | D:8      | Noticed a slime creature
 11241 | D:8      | Noticed a slime creature
 11241 | D:8      | Noticed a death yak
 11242 | D:8      | Noticed a slime creature
 11242 | D:8      | Noticed a slime creature
 11242 | D:8      | Noticed a slime creature
 11246 | D:8      | Noticed a yak
 11248 | D:8      | Noticed a death yak
 11278 | D:8      | HP: 2/64 [water moccasin (7)]
 11281 | D:8      | Slain by a water moccasin

Illustrated notes

Levels and vault maps discovered:
D:1:      ldierk_walled_garden, layout_loops_corners,
          hellmonk_ecumenical_altar_blasted, kennysheep_another_room,
          grunt_decor_clamped
D:2:      layout_loops_corners, serial_shops, shop, minmay_shallow_snake_nest,
          uniq_sigmund
D:3:      layout_loops_corners, vehumet_altar_wand_db,
          yredelemnul_forgotten_temple_becter
D:4:      layout_layer_cave, lemuel_round_altar
D:5:      layout_basic, minmay_temple_entry_statues_fountains, serial_shops,
          kennysheep_mini_moat, nicolae_shop_waterfront, shop, shop
D:6:      layout_cave_pools, hangedman_decor_riveting, serial_bayou_lake_a
D:7:      layout_cave_pools
D:8:      layout_cave_pools, dpeg_lair_monsters, serial_shops,
          nicolae_shop_crystal
D:9:      layout_loops_ring, nzn_ghost_randoct, uniq_maggie
D:10:     layout_long_grid, old_standard_altar, uniq_psyche
Temple:   dpeg_five_rooms_temple

Skill      XL: |  1  2  3  4  5  6  7  8 |
---------------+-------------------------+-----
Spellcasting   | 5 6 |  6.1
Invocations    | 1 2 3 |  3.8
Short Blades   | 1 2 3 |  3.4
Long Blades    | 1 2 3 |  3.4
Axes           | 1 2 3 |  3.4
Polearms       | 1 2 3 |  3.4
Staves         | 1 2 3 |  3.4
Slings         | 1 2 3 |  3.4
Bows           | 1 2 3 |  3.4
Crossbows      | 1 2 3 |  3.4
Stealth        | 1 2 3 |  3.4
Shields        | 1 2 3 |  3.4
Unarmed Combat | 1 2 3 |  3.4
Evocations     | 1 2 3 |  3.4
Conjurations   | 1 2 |  2.8
Hexes          | 1 2 |  2.8
Summonings     | 1 2 |  2.8
Necromancy     | 1 2 |  2.8
Transmutations | 1 2 |  2.8
Fire Magic     | 1 2 |  2.8
Ice Magic      | 1 2 |  2.8
Air Magic      | 1 2 |  2.8
Earth Magic    | 1 2 |  2.8
Poison Magic   | 1 2 |  2.8
Throwing       | 3 4 |  4.3
Armour         | 3 4 |  4.3
Fighting       | 5 |  5.8
Maces & Flails | 5 |  5.8
Dodging        | 5 |  5.8
Translocations | 6 |  6.2

Action                   |  1- 3 |  4- 6 |  7- 9 || total
-------------------------+-------+-------+-------++-------
Melee: Mace              |    55 |       |       ||    55
       Bite              |    10 |    15 |    25 ||    50
       Whip              |    52 |   224 |   277 ||   553
 Fire: Hunting sling     |    55 |    51 |    12 ||   118
 Cast: Blink             |       |       |     4 ||     4
       Slow              |       |       |     3 ||     3
Evoke: Wand              |       |     6 |    23 ||    29
  Use: Potion            |       |     4 |     1 ||     5
       Scroll            |       |     1 |    12 ||    13
 Stab: Sleeping          |       |     1 |     1 ||     2
Armor: Leather armour    |    32 |    34 |    31 ||    97
       Skin              |       |     2 |       ||     2
Dodge: Dodged            |    86 |   119 |   122 ||   327
Block: Buckler           |       |    38 |    92 ||   130
       Reflection        |       |     1 |       ||     1

Table legend: (Time is in decaauts)
 A = Elapsed time spent in this place.
 B = Non-inter-level travel time spent in this place.
 C = Inter-level travel time spent in this place.
 D = Time resting spent in this place.
 E = Time spent auto-exploring this place.
 F = Levels seen in this place.
 G = Mean time per level.
                   A        B        C        D        E       F      G
               +--------+--------+--------+--------+--------+-----+--------+
         Total |  11245 |  10760 |    485 |   3637 |   5106 |  11 | 1022.3 |
       Dungeon |  11151 |  10694 |    457 |   3637 |   5073 |  10 | 1115.1 |
        Temple |     94 |     66 |     28 |      0 |     33 |   1 |   94.0 |
               +--------+--------+--------+--------+--------+-----+--------+

Top non-repeatable levels by time:
     D:5: 3256 daAuts
     D:2: 1761 daAuts
     D:1: 1645 daAuts
     D:4: 1425 daAuts
     D:3: 1288 daAuts
     D:6: 1224 daAuts
     D:7: 250 daAuts
    D:10: 176 daAuts
  Temple: 94 daAuts
     D:8: 79 daAuts
     D:9: 42 daAuts
